 Dungeon Crawl Stone Soup version 0.21-a0-509-gecc5317 (webtiles) character file.

92 tof the Slasher (level 4, -1/36 HPs)
             Began as a Demonspawn Monk on Nov 29, 2017.
             Slain by a hobgoblin (7 damage)
             ... led by Robin
             ... on level 2 of the Dungeon.
             The game lasted 00:02:35 (2409 turns).

tof the Slasher (Demonspawn Monk)                   Turns: 2409, Time: 00:02:36

Health: -1/36      AC:  4    Str: 11    XL:     4   Next: 35%
Magic:  4/4        EV: 13    Int: 11    God:
Gold:   59         SH:  0    Dex: 17    Spells: 3/3 levels left

rFire    . . .     SeeInvis .   b - +0 short sword (curse)
rCold    . . .     Gourm    .   (no shield)
rNeg     . . .     Faith    .   g - +0 leather armour
rPois    .         Spirit   .   (no helmet)
rElec    .         Reflect  .   (no cloak)
rCorr    .         Harm     .   k - +0 pair of gloves
MR       .....                  (boots unavailable)
Stlth    ++........             (no amulet)
HPRegen  0.12/turn              (no ring)
MPRegen  0.09/turn              (no ring)

@: no status effects
A: talons 3
a: no special abilities


You were on level 2 of the Dungeon.
You were not hungry.

You visited 1 branch of the dungeon, and saw 2 of its levels.

You collected 59 gold pieces.

Inventory:

Hand Weapons
 a - a +0 falchion
 b - a cursed +0 short sword (weapon)
Armour
 g - a +0 leather armour (worn)
 k - a +0 pair of gloves (worn)
Jewellery
 n - a cursed ring of teleportation {unknown}
Scrolls
 e - a scroll of fear {unknown}
 h - a scroll of teleportation {unknown}
 i - 2 scrolls of identify {unknown}
 m - a scroll of remove curse {unknown}
Potions
 d - a potion of invisibility {unknown}
 f - a potion of curing {unknown}
Comestibles
 c - 2 bread rations
 j - 3 fruits
 l - 4 chunks of flesh


   Skills:
 + Level 3.6 Fighting
 * Level 3.9 Long Blades
 + Level 3.2 Dodging
 - Level 1.7 Stealth


You had 3 spell levels left.
You didn't know any spells.

Dungeon Overview and Level Annotations

Branches:
Dungeon (2/15)

Altars:
Kikubaaqudgha
Xom

Annotations:
D:2 Robin


Innate Abilities, Weirdness & Mutations

You have claws for feet.


Message History

Robin roars a battlecry!
The goblins go into a battle-frenzy!
Robin hits you with a club. The goblin closely misses you.
You hit Robin. Your kick misses Robin.
Robin is lightly wounded.
Robin throws the goblin at you! The goblin hits you with a club!
The goblin hits you with a dagger.
You closely miss Robin. Your kick misses Robin.
Robin is lightly wounded.
Robin closely misses you. The hobgoblin hits you. The goblin barely misses you.
The goblin hits you with a dagger.
You closely miss Robin.
Robin is lightly wounded.
Robin misses you. The hobgoblin hits you. The goblin hits you with a club.
* * * LOW HITPOINT WARNING * * *
The goblin hits you but does no damage.
You hit Robin but do no damage. Your kick misses Robin.
Robin is lightly wounded.
Robin misses you. The hobgoblin hits you!
You die...

....# #.......####)### ....#
#...........)..# #####
#...[.((#..÷...#
#....(..#......#######
#######.......#............###
...........>###......#####...##
.####.#####.# ##.##### #.#..#
.......# #.# #g############.#
.......####'####@......##.###.#
........##.....ggg.###.##_.§#§#
......#.##.........# #8...§.#
..#####'##.........# ##_.§###
..#................# #.###
..#................# ###
..#................#
..######...........# ..#
##..........#


You could see Robin, a hobgoblin and 2 goblins.

Vanquished Creatures
  Terence (D:2)
  3 adders (D:2)
  An ooze (D:1)
  A dart slug (D:1)
  4 bats
  2 giant cockroaches
  9 hobgoblins
  2 jackals (D:1)
  A quokka (D:2)
  A frilled lizard (D:1)
  4 goblins
  4 rats (D:1)
33 creatures vanquished.

Notes
Turn   | Place    | Note
-------+----------+-------------------------------------------
     0 | D:1      | tof the Demonspawn Monk began the quest for the Orb.
     0 | D:1      | Reached XP level 1. HP: 18/18 MP: 1/1
   202 | D:1      | Gained mutation: You have sharp toenails. [demonic ancestry]
   202 | D:1      | Reached XP level 2. HP: 24/24 MP: 2/2
  1324 | D:2      | Noticed Robin
  1328 | D:2      | Gained mutation: You have razor-sharp toenails. [demonic ancestry]
  1328 | D:2      | Reached XP level 3. HP: 25/29 MP: 3/3
  1889 | D:2      | Found an ancient bone altar of Kikubaaqudgha.
  1890 | D:2      | Found a shimmering altar of Xom.
  2030 | D:2      | Noticed Terence
  2052 | D:2      | Killed Terence
  2052 | D:2      | Gained mutation: You have claws for feet. [demonic ancestry]
  2052 | D:2      | Reached XP level 4. HP: 10/36 MP: 4/4
  2409 | D:2      | Slain by a hobgoblin

Vault maps used:
D:1:      erik_arrival_cave_to_civilisation
D:2:      gammafunk_temple_overflow_statue, first_bread, uniq_terence,
          uniq_robin

Skill      XL: |  1  2 |
---------------+-------+-----
Long Blades    | 3 |  3.9
Dodging        | 3 |  3.2
Fighting       | |  3.6
Stealth        | |  1.7

Action                   |  1- 3 |  4- 6 || total
-------------------------+-------+-------++-------
Melee: Falchion          |    22 |       ||    22
       Short sword       |    66 |    18 ||    84
       Kick              |    23 |     3 ||    26
 Stab: Sleeping          |     1 |       ||     1
  Eat: Chunk             |     2 |     3 ||     5
Armor: Robe              |     6 |       ||     6
       Leather armour    |    19 |     3 ||    22
Dodge: Dodged            |    73 |    16 ||    89
       Rpst.: Falchion   |     9 |       ||     9

Table legend:
 A = Spawn XP
 B = Non-spawn XP
 C = Spawn XP percentage of total XP
 D = Spawn monster count
 E = Non-spawn monster count
 F = Spawn count percentage of total count
 G = Total turns spent on level
                    A         B        C        D         E        F      G
               +---------+---------+-------+---------+---------+-------+---------
         Total |       0 |     132 |   0.0 |       0 |      33 |   0.0 |  2409
               +---------+---------+-------+---------+---------+-------+---------
           D:1 |       0 |      35 |   0.0 |       0 |      18 |   0.0 |  1522
           D:2 |       0 |      97 |   0.0 |       0 |      15 |   0.0 |   887
               +---------+---------+-------+---------+---------+-------+---------
